 Dungeon Crawl Stone Soup version 0.21-a0-142-gdd972a7 (webtiles) character file.

28 rin1221 the Magician (level 3, 0/30 HPs)
             Began as a Deep Elf Wizard on July 21, 2017.
             Succumbed to an adder's poison
             ... on level 2 of the Dungeon.
             The game lasted 00:03:35 (1161 turns).

rin1221 the Magician (Deep Elf Wizard)              Turns: 1161, Time: 00:03:36

Health: 0/30       AC: 21    Str:  5    XL:     3   Next: 0%
Magic:  1/11       EV:  2    Int: 22    God:
Gold:   25         SH:  0    Dex: 13    Spells: 4/11 levels left

rFire    . . .     SeeInvis .   g - +1 dagger
rCold    . . .     Gourm    .   (no shield)
rNeg     + + +     Faith    .   (armour currently unavailable)
rPois    +         Spirit   .   (helmet currently unavailable)
rElec    .         Reflect  .   (cloak currently unavailable)
rCorr    .         Harm     .   (gloves currently unavailable)
MR       .....     NoTele   +   (boots currently unavailable)
Stlth    ++........             (no amulet)
HPRegen  0.10/turn              (no ring)
MPRegen  0.12/turn              (no ring)

@: lethally poisoned (0 -> -12), tree-form
A: no striking features
a: no special abilities


You were on level 2 of the Dungeon.
You were hungry.
You were a tree.
You visited 1 branch of the dungeon, and saw 2 of its levels.

You collected 25 gold pieces.

Inventory:

Hand Weapons
 g - a +1 dagger (weapon)
Missiles
 e - 3 stones (quivered)
 j - 9 poisoned needles
Armour
 a - a +0 robe (melded)
 b - a +0 hat (melded)
 i - a +0 cloak (melded)
Scrolls
 f - 3 scrolls of enchant weapon
 k - a scroll of remove curse {unknown}
Books
 c - a book of Minor Magic

   Spells                             Type                      Level
   a - Magic Dart                     Conjuration                  1
   b - Blink                          Translocation                2
   c - Call Imp                       Summoning                    2
   d - Slow                           Hexes                        2
   e - Conjure Flame                  Conjuration/Fire             3
   f - Mephitic Cloud                 Conjuration/Poison/Air       3
Comestibles
 d - a bread ration


   Skills:
 + Level 0.5 Fighting
 * Level 3.1 Dodging
 - Level 2.4 Stealth
 + Level 4.6 Spellcasting
 * Level 1.8 Conjurations
 * Level 1.4 Summonings
 - Level 1.1 Translocations


You had 4 spell levels left.
You knew the following spells:

 Your Spells              Type           Power        Failure   Level  Hunger
a - Magic Dart            Conj           ##..         4%          1    None
b - Blink                 Tloc           N/A          10%         2    None
c - Call Imp              Summ           ##......     9%          2    None
d - Slow                  Hex            #.......     16%         2    None


Dungeon Overview and Level Annotations

Branches:
Dungeon (2/15)

Altars:


Message History

The magic dart hits the adder.
The adder is heavily wounded.
* * * LOW HITPOINT WARNING * * *
You feel sick.
Your crimson imp hits the adder.
The adder closely misses your crimson imp.
You hit the adder.
The adder is almost dead.
Your crimson imp disappears in a puff of smoke!
The adder bites you but does no damage.
Your crimson imp blinks!
You miss the adder.
The adder is almost dead.
* * * LOW HITPOINT WARNING * * *
You feel sick. The adder bites you but does no damage. The adder bites you.
* * * LOW HITPOINT WARNING * * *
You are more poisoned.
The adder poisons you!
You hit the adder but do no damage.
The adder is almost dead.
You die...

#......##.##
#......#....
#.......$..##........
#....................
#....................
#.(..................
#....................
#..5♣§.......(.......
###.S§........#......
#...>.......##.<...
#.........)..†.....
###################


You could see an adder and a friendly crimson imp.

Vanquished Creatures
  An ooze (D:1)
  A dart slug (D:1)
  A leopard gecko (D:1)
  2 goblins (D:1)
  3 hobgoblins (D:1)
  2 bats (D:1)
  2 frilled lizards (D:1)
  A kobold (D:1)
  2 rats (D:1)
15 creatures vanquished.

Vanquished Creatures (collateral kills)
  An adder (D:2)
  2 jackals (D:1)
  A kobold (D:2)
4 creatures vanquished.

Grand Total: 19 creatures vanquished

Notes
Turn   | Place    | Note
-------+----------+-------------------------------------------
     0 | D:1      | rin1221 the Deep Elf Wizard began the quest for the Orb.
     0 | D:1      | Reached XP level 1. HP: 10/10 MP: 7/7
   241 | D:1      | Reached XP level 2. HP: 15/16 MP: 6/9
   245 | D:1      | Learned a level 2 spell: Blink
   248 | D:1      | Learned a level 2 spell: Call Imp
   251 | D:1      | Learned a level 2 spell: Slow
  1143 | D:2      | Reached XP level 3. HP: 20/20 MP: 1/11
  1160 | D:2      | HP: 1/30 [adder (3)]
  1161 | D:2      | Succumbed to an adder's poison

Vault maps used:
D:1:      dpeg_arrival_pits
D:2:      uniq_jessica

Skill      XL: |  1  2 |
---------------+-------+-----
Dodging        | 3 |  3.1
Fighting       | |  0.5
Stealth        | |  2.4
Spellcasting   | |  4.6
Conjurations   | |  1.8
Summonings     | |  1.4
Translocations | |  1.1

Action                   || total
-------------------------++-------
Melee: Dagger            ||     4
 Cast: Magic Dart        ||    39
       Call Imp          ||     7
  Use: Scroll            ||     1
       Potion            ||     1
Armor: Robe              ||     1
       Skin              ||     4
Dodge: Dodged            ||    11
